 Dungeon Sprint DCSS version 0.30.1-5-ged363bc7ee (webtiles) character file.

Game seed: 12640416426138102619

14100 Heoruswealwe the Severer (level 12, -25/127 HPs)
             Began as a Hill Orc Fighter on Sept 19, 2023.
             Was the Champion of the Shining One.
             Annihilated by a fire giant
             ... wielding a +3 great sword of flaming
              (32 damage)
             ... in the Dungeon (Sprint VII: "The Pits").
             The game lasted 00:21:11 (1309 turns).

Heoruswealwe the Severer (Hill Orc Fighter)         Turns: 1309, Time: 00:21:12

Health: -25/127    AC: 24    Str: 33    XL:     12   Next: 13%
Magic:  12/12      EV:  8    Int:  8    God:    the Shining One [******]
Gold:   0          SH:  8    Dex: 10    Spells: 11/11 levels left

rFire   + + .        a - +2 war axe (elec)
rCold   . . .        d - +0 buckler
rNeg    + + +        c - +2 plate armour {rF+}
rPois   .            g - +0 helmet
rElec   .            h - +0 cloak
rCorr   .            (no gloves)
SInv    .            e - +0 pair of boots
Will    .....        (no amulet) Stlth
                     k - +3 ring of strength
HPRegen 0.41/turn    j - ring "Kebaeng" {rF+ Str+6}
MPRegen 0.13/turn

%: no teleportation
@: glowing
A: no striking features
a: Renounce Religion, Divine Shield, Cleansing Flame, Summon Divine Warrior,
Brand Weapon With Holy Wrath


You were in the Dungeon.
You worshipped the Shining One.
The Shining One was exalted by your worship.
You visited 1 branch

Inventory:

Hand Weapons
 a - a +2 war axe of electrocution (weapon)
 q - a +2 battleaxe of freezing
Armour
 c - a +2 plate armour of fire resistance (worn)
 d - a +0 buckler (worn)
 e - a +0 pair of boots (worn)
 g - a +0 helmet (worn)
 h - a +0 cloak (worn)
 r - +0 storm dragon scales
Jewellery
 j - the ring "Kebaeng" (right hand) {rF+ Str+6}
   (You found it in the Dungeon)

   [ring of strength]

   Str:       It affects your strength (+6).
   rF:        It protects you from fire.
 k - a +3 ring of strength (left hand)
Scrolls
 o - a scroll of blinking
Potions
 l - 5 potions of curing
 m - 2 potions of mutation


   Skills:
 + Level 18.2 Fighting
 + Level 19.5 Axes
 + Level 16.8 Armour
 + Level 16.8 Shields


You had 11 spell levels left.
You didn't know any spells.
Your spell library contained the following spells:

 Spells                   Type           Power      Damage    Failure   Level
 Slow                     Hex            0%         N/A       89%         1
 Call Canine Familiar     Summ           0%         N/A       99%         3
 Confusing Touch          Hex            0%         N/A       99%         3
 Portal Projectile        Hex/Tloc       0%         N/A       99%         3
 Vampiric Draining        Necr           0%         2d6       99%         3
 Leda's Liquefaction      Hex/Erth       0%         N/A       100%        4


Dungeon Overview and Level Annotations

Branches:
Dungeon (1/1)

Altars:
Ashenzari
Cheibriados
Dithmenos
Elyvilon
Fedhas
Gozag
Hepliaklqana
Kikubaaqudgha
Makhleb
Nemelex Xobeh
Okawaru
Qazlal
Ru
Sif Muna
Trog
Uskayaw
Vehumet
Wu Jian
Xom
Yredelemnul
Zin
The Shining One
Beogh
Jiyva
Lugonu


Message History

You feel better.
The electric golem hits you but does no damage. x2
The electric golem hits you.
The electric golem hits you but does no damage.
You hit the electric golem.
The electric golem is lightly damaged.
The electric golem hurls lightning at you.
The bolt of lightning hits you!!
* * * LOW HITPOINT WARNING * * *
You hear a shout!
You slash the electric golem!
The electric golem is lightly damaged.
The electric golem hits you but does no damage. x2
You block the electric golem's attack.
The electric golem hits you but does no damage.
The electric golem crackles and sizzles.
The electric golem blinks!
Okay, then.
There is a large open door to the Hallway of Sentries (Extremely Hard) here.
The electric golem hurls lightning at you.
The bolt of lightning hits you.
* * * LOW HITPOINT WARNING * * *
The electric golem blinks!
You close the large door.
You open the door.
A fire giant comes into view.
It is wielding a +3 great sword of flaming.
The fire giant shouts!
You hit the fire giant.
The fire giant is lightly wounded.
The fire giant casts a spell at you. The bolt of fire hits you. You resist.
* * * LOW HITPOINT WARNING * * *
You slice the fire giant!!
The fire giant is moderately wounded.
An electric golem breaks down the large door.
You block the fire giant's attack.
You slice the fire giant!!
The fire giant is heavily wounded.
The fire giant hits you with a +3 great sword of flaming!!
You die...

+******+**+*,,**,*
,,,,,,,,,,,*,,**+*
,,,,,,,,,,,**+**,*
,*,,*,,*,,,,,,**+*
,,,,,,,,,,,**+**,*
,,,,,,,,,,,*,,*#+#
+******+**+*,,*#.#
,*,,,,*,,,,*,,*#C#
,*,,,,+,,,,*,,*#@#
***************#'#
################9#
.................#
...............).#
+##############..#
,,,,*,,+,,,+,,#..#
,,,,*,,*,,,*,,#..#
,*******,,,***#..#


You could see an electric golem and a fire giant.

Vanquished Creatures
  A storm dragon (D)
  A frost giant (D)
  A ghost moth (D)
  An anaconda (D)
  An alligator snapping turtle (D)
  4 hell hogs (D)
  A vampire mage (D)
  Sonja (D)
  2 sea snakes (D)
  2 wizards (D)
  An orc sorcerer (D)
  A manticore (D)
  A cyclops (D)
  A molten gargoyle (D)
  A rust devil (D)
  A smoke demon (D)
  A komodo dragon (D)
  An efreet (D)
  A rime drake (D)
  A red devil (D)
  Grinder (D)
  A wraith (D)
  A water elemental (D)
  A culicivora (D)
  A ynoxinul (D)
  3 redbacks (D)
  A warg (D)
  2 acid dragons (D)
  A floating eye (D)
  2 black bears (D)
  3 wolves (D)
  A kobold brigand (D)
  2 scorpions (D)
  A jelly (D)
  A hell rat (D)
  A mummy (D)
  3 adder skeletons (D)
  2 orcs (D)
  An endoplasm (D)
  3 jackals (D)
  2 ball pythons (D)
  A ball python skeleton (D)
  A bat simulacrum (D)
  A giant cockroach zombie (D)
  A jackal zombie (D)
  A kobold (D)
64 creatures vanquished.

Vanquished Creatures (others)
  An endoplasm (D)
1 creature vanquished.

Grand Total: 65 creatures vanquished

Notes
Turn   | Place    | Note
-------+----------+-------------------------------------------
     0 | D        | Heoruswealwe the Hill Orc Fighter began the quest for the
                  | Orb.
     0 | D        | Reached XP level 1. HP: 19/19 MP: 1/1
    28 | D        | Noticed a floating eye
    30 | D        | Paralysed by a floating eye for 3 turns
    33 | D        | Killed a floating eye
    34 | D        | Reached skill level 6 in Axes
    34 | D        | Reached skill level 5 in Armour
    34 | D        | Reached skill level 5 in Shields
    34 | D        | Reached XP level 2. HP: 31/31 MP: 2/2
    34 | D        | Reached XP level 3. HP: 38/38 MP: 3/3
    34 | D        | Reached XP level 4. HP: 45/45 MP: 4/4
    71 | D        | Found a bloodstained altar of Trog.
    71 | D        | Found a shimmering blue altar of Sif Muna.
    71 | D        | Found a viscous altar of Jiyva.
    71 | D        | Found a hazy altar of Hepliaklqana.
    71 | D        | Found an opulent altar of Gozag.
    72 | D        | Found a glowing golden altar of the Shining One.
    72 | D        | Found a glowing silver altar of Zin.
    72 | D        | Found a basalt altar of Yredelemnul.
    72 | D        | Found a shimmering altar of Xom.
    72 | D        | Found an ornate altar of the Wu Jian Council.
    72 | D        | Found a sacrificial altar of Ru.
    72 | D        | Found a stormy altar of Qazlal.
    72 | D        | Found an iron altar of Okawaru.
    72 | D        | Found a sparkling altar of Nemelex Xobeh.
    72 | D        | Found a burning altar of Makhleb.
    72 | D        | Found a blossoming altar of Fedhas.
    72 | D        | Found a white marble altar of Elyvilon.
    72 | D        | Found a shadowy altar of Dithmenos.
    72 | D        | Found a snail-covered altar of Cheibriados.
    74 | D        | Found a radiant altar of Vehumet.
    74 | D        | Found a corrupted altar of Lugonu.
    74 | D        | Found a roughly hewn altar of Beogh.
    75 | D        | Found a hide-covered altar of Uskayaw.
    75 | D        | Found an ancient bone altar of Kikubaaqudgha.
    75 | D        | Found a broken altar of Ashenzari.
    77 | D        | Became a worshipper of the Shining One
    91 | D        | Reached * piety under the Shining One
    96 | D        | Noticed a scorpion
    99 | D        | Killed a scorpion
   100 | D        | Reached skill level 7 in Axes
   100 | D        | Reached XP level 5. HP: 52/52 MP: 5/5
   105 | D        | Reached ** piety under the Shining One
   114 | D        | Reached skill level 8 in Axes
   114 | D        | Noticed a warg
   126 | D        | Killed a warg
   127 | D        | Reached skill level 9 in Axes
   127 | D        | Reached XP level 6. HP: 41/62 MP: 6/6
   235 | D        | Reached *** piety under the Shining One
   236 | D        | Noticed a black bear
   241 | D        | Killed a black bear
   242 | D        | Reached XP level 7. HP: 70/70 MP: 7/7
   248 | D        | Reached skill level 10 in Axes
   252 | D        | Noticed Grinder
   254 | D        | Paralysed by Grinder for 4 turns
   264 | D        | Killed Grinder
   264 | D        | Reached **** piety under the Shining One
   265 | D        | Reached skill level 10 in Fighting
   308 | D        | Noticed a ynoxinul
   312 | D        | Killed a ynoxinul
   313 | D        | Reached skill level 11 in Axes
   315 | D        | Reached ***** piety under the Shining One
   324 | D        | Reached skill level 10 in Armour
   324 | D        | Reached skill level 10 in Shields
   324 | D        | Reached XP level 8. HP: 81/81 MP: 8/8
   332 | D        | Noticed a komodo dragon
   332 | D        | Noticed a culicivora
   342 | D        | Reached skill level 12 in Axes
   346 | D        | Killed a komodo dragon
   355 | D        | Killed a culicivora
   356 | D        | Reached skill level 13 in Axes
   356 | D        | Reached XP level 9. HP: 72/91 MP: 9/9
   647 | D        | Noticed a vampire mage
   647 | D        | Noticed a wizard
   647 | D        | Reached ****** piety under the Shining One
   647 | D        | Noticed a storm dragon
   647 | D        | Noticed a sea snake
   647 | D        | Noticed a hell hog
   648 | D        | Noticed an anaconda
   653 | D        | Killed a hell hog
   653 | D        | Noticed a hell hog
   654 | D        | Noticed a sea snake
   656 | D        | Noticed a frost giant
   656 | D        | Noticed a hell hog
   658 | D        | Killed a wizard
   659 | D        | Reached skill level 14 in Axes
   663 | D        | Killed a storm dragon
   663 | D        | Noticed an efreet
   664 | D        | Reached skill level 15 in Axes
   664 | D        | Reached XP level 10. HP: 103/103 MP: 10/10
   668 | D        | Killed a hell hog
   669 | D        | Killed a frost giant
   670 | D        | Reached skill level 15 in Fighting
   670 | D        | Reached skill level 16 in Axes
   671 | D        | Killed a sea snake
   671 | D        | Noticed a molten gargoyle
   682 | D        | Killed a molten gargoyle
   687 | D        | Killed a vampire mage
   694 | D        | Noticed a cyclops
   694 | D        | Killed an anaconda
   695 | D        | Reached skill level 17 in Axes
   695 | D        | Reached XP level 11. HP: 107/114 MP: 11/11
   695 | D        | Noticed a wizard
   697 | D        | Killed a hell hog
   698 | D        | Reached skill level 15 in Armour
   698 | D        | Reached skill level 15 in Shields
   703 | D        | Killed a wizard
   703 | D        | Noticed a hell hog
   707 | D        | Killed a sea snake
   713 | D        | Killed a hell hog
   714 | D        | Reached skill level 18 in Axes
   715 | D        | Noticed an alligator snapping turtle
   736 | D        | Killed an alligator snapping turtle
   743 | D        | Identified the +1 short sword of the Fool {freeze, rPois
                  | Will++ Int+3 Dex-5}
   743 | D        | Identified the amulet of Ophirgh {Acrobat Rampage Int+5
                  | Dex-4}
   743 | D        | Noticed an orc sorcerer
   744 | D        | Killed a cyclops
   751 | D        | Killed an orc sorcerer
   781 | D        | Got the ring "Kebaeng" {rF+ Str+6}
   954 | D        | Noticed a manticore
   954 | D        | Noticed Sonja
   963 | D        | Killed a manticore
   969 | D        | Killed Sonja
  1163 | D        | Noticed a ghost moth
  1170 | D        | Reached skill level 19 in Axes
  1172 | D        | Killed a ghost moth
  1173 | D        | Reached XP level 12. HP: 127/127 MP: 0/12
  1286 | D        | Noticed an electric golem
  1306 | D        | Noticed a fire giant
  1307 | D        | HP: 6/127 [fire giant/bolt of fire (5)]
  1309 | D        | Annihilated by a fire giant

Illustrated notes

Levels and vault maps discovered:
D:        pitsprint [storerooms_1, entrance_room_1, metal_vault_3, armoury_2,
          mini_pit_1, grid_room_1, main_hall_1, silver_pit, the_coven_3,
          the_vestibule_1, steel_vault_3, golden_pit, hallway_of_sentries,
          crystal_vault_4, iron_vault_5, final_vault]

Skill      XL: |  1  2  3  4  5  6  7  8  9 10 11 12 |
---------------+-------------------------------------+-----
Fighting       | 6 7 8 9 10 12 14 16 17 18 | 18.2
Axes           | 6 7 9 11 13 15 17 19 | 19.5
Armour         | 5 6 8 10 11 13 14 16 | 16.8
Shields        | 5 6 8 10 11 13 14 16 | 16.8

Action                     |  1- 3 |  4- 6 |  7- 9 | 10-12 || total
---------------------------+-------+-------+-------+-------++-------
  Melee: War axe           |     2 |    30 |    54 |   116 ||   202
    Use: Potion            |       |     3 |     4 |    14 ||    21
         Scroll            |       |       |       |     1 ||     1
 Armour: Scale mail        |       |     4 |       |       ||     4
         Chain mail        |       |     6 |    11 |       ||    17
         Plate armour      |       |       |    10 |    60 ||    70
  Dodge: Dodged            |       |    11 |    10 |    27 ||    48
  Block: Buckler           |       |     2 |    13 |    31 ||    46
